 Dungeon Crawl Stone Soup version 0.30-a0-121-gb27577e5d9 (webtiles) character file.

Game seed: 14845919262928586473

53 ders the Magician (level 4, 0/31 HPs)
             Began as a Djinni Conjurer on Sept 14, 2022.
             Slain by Terence
             ... wielding a +0 short sword
              (2 damage)
             ... on level 3 of the Dungeon.
             The game lasted 00:01:20 (1378 turns).

ders the Magician (Djinni Conjurer)                 Turns: 1378, Time: 00:01:21

Health: 0/31       AC:  2    Str:  6    XL:     4   Next: 10%
Gold:   39         EV: 12    Int: 22    God:
                   SH:  0    Dex: 11

rFire   + + .      SeeInvis .    d - staff of cold
rCold   . . .      Faith    .    (no shield)
rNeg    . . .      Spirit   .    a - +0 robe
rPois   ∞          Reflect  .    (no helmet)
rElec   .          Harm     .    (no cloak)
rCorr   .          Rampage  .    (no gloves)
Will    .....                    (boots unavailable)
Stlth   ++........               (no amulet)
HPRegen 0.10/turn                (no ring)
MPRegen 0.00/turn                (no ring)

@: flying
A: sickness immunity, fire resistance 2, cold vulnerability 1, float, innate
caster, HP casting, extra vitality 1
a: no special abilities


You were on level 3 of the Dungeon.
You visited 1 branch of the dungeon, and saw 3 of its levels.

You collected 39 gold pieces.

Inventory:

Armour
 a - a +0 robe (worn)
Magical Staves
 d - a staff of cold (weapon)
Potions
 b - a potion of cancellation


   Skills:
 - Level 2.2 Dodging
 - Level 1.6 Stealth
 + Level 4.2 Spellcasting


You couldn't memorise any spells.
You knew the following spells:

 Your Spells              Type           Power      Damage    Failure   Level
a - Magic Dart            Conj           92%        1d7       1%          1
b - Searing Ray           Conj           46%        2d6       2%          2
c - Dazzling Flash        Conj/Hex       46%        N/A       5%          3
d - Fulminant Prism       Conj/Hex       11%        3d9       19%         4
e - Iskenderun's Mystic   Conj/Tloc      23%        2d6       19%         4
f - Shock                 Conj/Air       92%        1d8       1%          1
Your spell library was empty.

Dungeon Overview and Level Annotations

Branches:
Dungeon (3/15)

Altars:

Annotations:
D:3 Terence


Innate Abilities, Weirdness & Mutations

You are immune to sickness and miasma.
You are immune to poison.
Your flesh is very heat resistant. (rF++)
You are vulnerable to cold. (rC-)
You float through the air rather than walking.
You learn spells naturally, not from books.
Your magical power is your life essence.
You have superior vitality. (+4 MHP)


Message History

Unknown command.
Casting: Searing Ray (safe; 2% risk of failure)
Confirm with . or Enter, or press ? or * to list all spells.
Restarting spell: Searing Ray (safe; 2% risk of failure)
Press: ? - help, Shift-Dir - straight line, f/p - Terence
Aim: Terence, wielding a +0 short sword and wearing a +0 chain mail (severely wounded, 84% to hit)
The searing ray misses Terence. (Press . to maintain the ray.)
* * * LOW HITPOINT WARNING * * *
Terence hits you with a +0 short sword.
* * * LOW HITPOINT WARNING * * *
Unknown command.
It was a potion of curing.
You feel better. Terence hits you with a +0 short sword!
* * * LOW HITPOINT WARNING * * *
You feel better. Terence hits you with a +0 short sword.
* * * LOW HITPOINT WARNING * * *
As you read the scroll labelled EQIQUCZAZI, it crumbles to dust.
It is a scroll of identify.
b - a potion of cancellation Terence hits you with a +0 short sword.
* * * LOW HITPOINT WARNING * * *
You aren't carrying any scrolls.
Unknown command.
Found a scroll labelled NYDOTHRO YWKUF.
There is a stone staircase leading down here.
Terence hits you with a +0 short sword.
* * * LOW HITPOINT WARNING * * *
You fly downwards.
Found a stone staircase leading down.
There is a stone staircase leading up here.
You aren't carrying any scrolls.
Okay, then.
Casting: Searing Ray (safe; 2% risk of failure)
Confirm with . or Enter, or press ? or * to list all spells.
You don't have enough health to cast this spell.
You aren't carrying any scrolls.
Unknown command.
Terence attacks as you move away! Terence hits you with a +0 short sword.
You die...

##.# ..#
... ..# #
#.# #. #.#
#.# #.#
#>.##
#@#####<#.#
#.@......#
##########


You could see Terence.

Vanquished Creatures
  3 adders (D:2)
  2 ball pythons (D:1)
  An endoplasm (D:1)
  A giant cockroach (D:1)
  A goblin (D:2)
  A hobgoblin (D:1)
  3 jackals
  2 quokkas (D:2)
  2 bats (D:1)
  2 frilled lizards
  4 kobolds
  4 rats (D:1)
26 creatures vanquished.

Vanquished Creatures (others)
  8 plants (D:2)
8 creatures vanquished.

Grand Total: 34 creatures vanquished

Notes
Turn   | Place    | Note
-------+----------+-------------------------------------------
     0 | D:1      | ders the Djinni Conjurer began the quest for the Orb.
     0 | D:1      | ders set off with the following spells memorised: Magic
                  | Dart, Searing Ray, Dazzling Flash, Fulminant Prism,
                  | Iskenderun's Mystic Blast.
     0 | D:1      | Reached XP level 1. HP: 15/15 MP: 0/0
   426 | D:1      | Reached XP level 2. HP: 18/21 MP: 0/0
  1030 | D:2      | Reached XP level 3. HP: 15/25 MP: 0/0
  1030 | D:2      | Learned a level 1 spell: Shock
  1103 | D:2      | Reached skill level 4 in Spellcasting
  1352 | D:2      | Reached XP level 4. HP: 28/31 MP: 0/0
  1353 | D:2      | Noticed Terence
  1370 | D:2      | HP: 1/31 [Terence/+0 short sword (3)]
  1378 | D:3      | Slain by Terence

Illustrated notes

Levels and vault maps discovered:
D:1:      roderic_dead_forest, layout_basic, st_stairs_8
D:2:      layout_rooms, serial_shops, shop, serial_bayou_lagoon_a,
          serial_park_tiny_2, grunt_ministairs_14, interstate_on_off,
          uniq_terence, uniq_jessica
D:3:      gammafunk_steamed_eel, layout_loops_ring,
          mainiacjoe_overflow_surrounded_room, grunt_temple_overflow_cloverleaf,
          serial_shops, shop, basic_ecumenical_altar

Skill      XL: |  1  2  3 |
---------------+----------+-----
Spellcasting   | 4 |  4.2
Dodging        | |  2.2
Stealth        | |  1.6

Action                   |  1- 3 |  4- 6 || total
-------------------------+-------+-------++-------
 Cast: Magic Dart        |    47 |     8 ||    55
       Searing Ray       |       |     4 ||     4
  Use: Potion            |       |     2 ||     2
       Scroll            |       |     1 ||     1
Armor: Robe              |     3 |       ||     3
Dodge: Dodged            |     9 |     3 ||    12

Table legend: (Time is in decaauts)
 A = Elapsed time spent in this place.
 B = Non-inter-level travel time spent in this place.
 C = Inter-level travel time spent in this place.
 D = Time resting spent in this place.
 E = Time spent auto-exploring this place.
 F = Levels seen in this place.
 G = Mean time per level.
                   A        B        C        D        E       F      G
               +--------+--------+--------+--------+--------+-----+--------+
         Total |   1377 |   1373 |      4 |    397 |    858 |   3 |  459.0 |
       Dungeon |   1377 |   1373 |      4 |    397 |    858 |   3 |  459.0 |
               +--------+--------+--------+--------+--------+-----+--------+

Top non-repeatable levels by time:
     D:1: 1019 daAuts
     D:2: 350 daAuts
     D:3: 6 daAuts
